 Dungeon Crawl Stone Soup version 0.23.2-40-g277498a001 (webtiles) character file.

Game seed: 15441032647586788499

252 Strider the Chiller (level 6, -4/44 HPs)
             Began as a Merfolk Ice Elementalist on Aug 18, 2019.
             Slain by a mummy (14 damage)
             ... in an ossuary on Aug 22, 2019.
             The game lasted 00:21:52 (3187 turns).

Strider the Chiller (Merfolk Ice Elementalist)      Turns: 3187, Time: 00:21:53

Health: -4/44      AC:  2    Str: 10    XL:     6   Next: 13%
Magic:  5/10       EV: 14    Int: 14    God:
Gold:   110        SH:  0    Dex: 15    Spells: 2/10 levels left

rFire    . . .     SeeInvis .   h - +0 dagger
rCold    . . .     Gourm    .   (no shield)
rNeg     . . .     Faith    .   a - +0 robe
rPois    .         Spirit   .   (no helmet)
rElec    .         Reflect  .   (no cloak)
rCorr    .         Harm     .   (no gloves)
MR       .....                  (no boots)
Stlth    ++........             (no amulet)
HPRegen  0.14/turn              (no ring)
MPRegen  0.12/turn              (no ring)

@: very slightly contaminated
A: change form in water, swift swim, stealthy swim
a: no special abilities


You were in an ossuary.
You were not hungry.

You visited 1 branch of the dungeon, and saw 4 of its levels.
You also visited: Ossuary.

You collected 110 gold pieces.

Inventory:

Hand Weapons
 h - a +0 dagger (weapon)
Missiles
 e - 54 sling bullets
 o - 77 stones (quivered)
 p - 2 poisoned needles
Armour
 a - a +0 robe (worn)
Jewellery
 t - an uncursed ring of protection from cold
Scrolls
 b - a scroll of enchant weapon {unknown}
 d - 3 scrolls of teleportation
 g - 2 scrolls of remove curse
 i - 10 scrolls of identify
 k - a scroll of immolation {unknown}
 n - a scroll of noise
 r - a scroll of enchant armour {unknown}
Potions
 j - a potion of lignification {unknown}
 l - a potion of curing {unknown}
 m - 2 potions of heal wounds {unknown}
 q - a potion of experience {unknown}
 s - a potion of berserk rage {unknown}
Comestibles
 c - 6 rations


   Skills:
 + Level 2.3 Fighting
 + Level 4.0 Dodging
 + Level 3.5 Stealth
 + Level 2.8 Spellcasting
 - Level 0.7 Conjurations
 * Level 5.1 Ice Magic


You had 2 spell levels left.
You knew the following spells:

 Your Spells              Type           Power        Failure   Level  Hunger
a - Freeze                Ice            ###.         2%          1    #......
b - Throw Frost           Conj/Ice       ##....       10%         2    ##.....
c - Summon Ice Beast      Ice/Summ       #.......     58%         4    #####..
d - Animate Skeleton      Necr           N/A          22%         1    #......

Your spell library contained the following spells:

 Spells                   Type           Power        Failure   Level  Hunger
 Apportation              Tloc           #.....       22%         1    #......
 Confusing Touch          Hex            #.....       22%         1    #......
 Summon Small Mammal      Summ           #...         22%         1    #......
 Ozocubu's Armour         Chrm/Ice       #.......     22%         3    ###....
 Throw Icicle             Conj/Ice       ##......     54%         4    #####..


Dungeon Overview and Level Annotations

Branches:
Dungeon (4/15)
 Temple: D:4-7

Altars:
Yredelemnul
The Shining One


Message History

Aiming: Freeze (safe; 2% risk of failure)
Press: ? - help, Shift-Dir - straight line, f/p - mummy
Aim: a mummy (lightly damaged)
The mummy resists.
You freeze the mummy.
The mummy is moderately damaged.
Casting: Freeze (safe; 2% risk of failure)
Confirm with . or Enter, or press ? or * to list all spells.
Aiming: Freeze (safe; 2% risk of failure)
Press: ? - help, Shift-Dir - straight line, f/p - mummy
Aim: a mummy (moderately damaged)
The mummy completely resists.
You freeze the mummy but do no damage.
Casting: Freeze (safe; 2% risk of failure)
Confirm with . or Enter, or press ? or * to list all spells.
Aiming: Freeze (safe; 2% risk of failure)
Press: ? - help, Shift-Dir - straight line, f/p - mummy
Aim: a mummy (moderately damaged)
The mummy resists.
You freeze the mummy.
The mummy is heavily damaged.
The mummy hits you!
You die...

#..# #..#
+..# #..#
#..# #..#
#..#
##+###@.#
.......M.#
........∩#
##########


You could see a mummy.

Vanquished Creatures
  A scorpion (D:3)
  A crimson imp (D:3)
  A hound (D:3)
  6 adders
  An ooze (D:1)
  4 worms
  4 dart slugs
  2 leopard geckos
  2 giant cockroaches
  2 gnoll zombies (D:2)
  A goblin (D:1)
  5 hobgoblins
  4 jackals (D:2)
  2 quokkas (D:3)
  10 bats
  6 frilled lizards
  8 kobolds
  5 rats
65 creatures vanquished.

Vanquished Creatures (collateral kills)
  A bat (D:3)
  2 goblins (D:3)
3 creatures vanquished.

Grand Total: 68 creatures vanquished

Notes
Turn   | Place    | Note
-------+----------+-------------------------------------------
     0 | D:1      | Strider the Merfolk Ice Elementalist began the quest for
                  | the Orb.
     0 | D:1      | Reached XP level 1. HP: 13/13 MP: 3/3
   151 | D:1      | Reached XP level 2. HP: 16/19 MP: 0/5
   161 | D:1      | Learned a level 2 spell: Throw Frost
   799 | D:2      | Reached XP level 3. HP: 25/25 MP: 6/6
   855 | D:2      | Found a glowing golden altar of the Shining One.
  1037 | D:2      | Reached skill level 1 in Fighting
  1053 | D:2      | Reached skill level 4 in Ice Magic
  1196 | D:2      | Reached XP level 4. HP: 30/32 MP: 4/7
  1202 | D:2      | Learned a level 4 spell: Summon Ice Beast
  1350 | D:2      | Found a basalt altar of Yredelemnul.
  2080 | D:3      | Reached XP level 5. HP: 25/37 MP: 1/8
  2444 | D:3      | Learned a level 1 spell: Animate Skeleton
  2833 | D:4      | Noticed an ogre
  2841 | D:3      | Reached skill level 5 in Ice Magic
  2841 | D:3      | Reached XP level 6. HP: 7/44 MP: 0/10
  3170 | D:4      | Found a sand-covered staircase.
  3178 | Ossuary  | Entered an ossuary
  3187 | Ossuary  | Slain by a mummy

Skill      XL: |  1  2  3  4  5 |
---------------+----------------+-----
Dodging        | 3 4 |  4.0
Fighting       | 1 2 |  2.3
Ice Magic      | 4 5 |  5.1
Stealth        | 3 |  3.5
Spellcasting   | |  2.8
Conjurations   | |  0.7

Action                   |  1- 3 |  4- 6 || total
-------------------------+-------+-------++-------
Melee: Unarmed           |     2 |       ||     2
       Dagger            |    43 |    68 ||   111
Throw: Stone             |     3 |       ||     3
 Cast: Freeze            |    39 |    71 ||   110
       Throw Frost       |     7 |    10 ||    17
       Animate Skeleton  |       |     4 ||     4
  Use: Scroll            |       |     4 ||     4
 Stab: Sleeping          |     1 |     3 ||     4
  Eat: Chunk             |     2 |     4 ||     6
       Ration            |       |     2 ||     2
Armor: Robe              |    14 |    13 ||    27
Dodge: Dodged            |    45 |    86 ||   131
